 Dungeon Crawl Stone Soup version 0.24-a0-181-gd121a6d (webtiles) character file.

Game seed: 17667473613542462298

644 tilp the Cudgeler (level 7, 0/52 HPs)
             Began as a Demonspawn Chaos Knight on Mar 14, 2019.
             Was a Plaything of Xom.
             Slain by an ogre
             ... wielding a +0 giant spiked club
              (18 damage)
             ... on level 4 of the Dungeon.
             The game lasted 00:12:51 (3064 turns).

tilp the Cudgeler (Demonspawn Chaos Knight)         Turns: 3064, Time: 00:12:53

Health: 0/52       AC: 10    Str: 14    XL:     7   Next: 27%
Magic:  16/16      EV:  6    Int: 14    God:    Xom [.*....]
Gold:   109        SH:  0    Dex: 12    Spells: 6/6 levels left

rFire    + + .     SeeInvis .   a - +0 mace (chaos)
rCold    + . .     Gourm    .   (no shield)
rNeg     . . .     Faith    +   l - +1 chain mail {rF+}
rPois    .         Spirit   .   A - +0 helmet (curse)
rElec    +         Reflect  .   (no cloak)
rCorr    .         Harm     .   (no gloves)
MR       .....                  (no boots)
Stlth    ..........             q - amulet of the Good {Faith *Corrode +Inv rElec rF+ MP+9 Stlth+}
HPRegen  0.17/turn              (no ring)
MPRegen  0.15/turn              (no ring)

@: no status effects
A: claws 1, cold resistance 1, spiny 1
a: Renounce Religion, Evoke Invisibility


You were on level 4 of the Dungeon.
You worshipped Xom.
You were a plaything of Xom.
You were not hungry.

You visited 1 branch of the dungeon, and saw 4 of its levels.

You collected 109 gold pieces.

Inventory:

Hand Weapons
 a - a +0 mace of chaos (weapon)
 i - a +1 long sword of chaos
 r - a +0 broad axe
Missiles
 d - 272 stones
 f - 4 tomahawks
 s - a steel tomahawk (quivered)
Armour
 l - a +1 chain mail of fire resistance (worn)
 A - a cursed +0 helmet (worn)
 D - a +0 plate armour
Jewellery
 q - the amulet of the Good (around neck) {Faith *Corrode +Inv rElec rF+ MP+9 Stlth+}
   (Xom gifted it to you on level 2 of the Dungeon)

   [amulet of faith]

   It allows you to gain divine favour quickly.
   It protects you from fire.
   It insulates you from electricity.
   It affects your magic capacity (+9).
   It lets you turn invisible.
   It may corrode you when you take damage.
   It makes you more stealthy.
 v - an uncursed amulet of harm {unknown}
 w - a +5 ring of dexterity {unknown}
Wands
 n - a wand of random effects (11)
 u - a wand of paralysis (10)
 z - a wand of flame (24)
Scrolls
 e - 2 scrolls of teleportation {unknown}
 h - 3 scrolls of identify
 k - 3 scrolls of immolation {unknown}
 m - 2 scrolls of fog
 o - a scroll of enchant armour {unknown}
 t - 2 scrolls of remove curse {unknown}
 x - 2 scrolls of amnesia {unknown}
 y - a scroll of enchant weapon {unknown}
 E - a scroll of magic mapping {unknown}
Potions
 b - 2 potions of resistance {unknown}
 g - a potion of brilliance {unknown}
 j - 4 potions of curing {unknown}
 p - a potion of haste {unknown}
 C - a potion of invisibility {unknown}
Comestibles
 c - 14 rations
 B - a chunk of flesh


   Skills:
 - Level 3.0 Fighting
 + Level 7.8 Maces & Flails
 - Level 1.7 Armour
 - Level 0.8 Dodging


You had 6 spell levels left.
You didn't know any spells.
Your spell library was empty.

Dungeon Overview and Level Annotations

Branches:
Dungeon (4/15)
 Temple: D:4-7

Altars:
Uskayaw
Xom

Annotations:
D:4 Robin


Innate Abilities, Weirdness & Mutations

You have sharp fingernails.
Your flesh is cold resistant. (rC+)
You are partially covered in sharp spines.


Message History

The ogre hits you with a +0 giant spiked club!!
A goblin comes into view. It is wielding a +0 dagger.
You barely miss the ogre. The goblin hits you but does no damage.
Unknown command.
You hit the ogre but do no damage. The ogre is struck by your spines.
The ogre hits you with a +0 giant spiked club!
Robin says, "Bow before me, strongest of all the hobgoblins!"
Robin roars a battlecry!
The goblins go into a battle-frenzy!
The goblin hits you with a +0 dagger.
A goblin comes into view. It is wielding a +0 dagger.
The hobgoblin is struck by your spines.
You kill the hobgoblin!
The goblin shouts!
You hit the ogre.
You feel better.
The ogre is lightly wounded.
Robin throws the goblin at you! The ogre is struck by your spines.
The ogre hits you with a +0 giant spiked club!!
You die...
Xom cackles wildly!

### #.### #...# #.#.#
###### #.#.# #..gg# #.#.#
#...@# #.#.## #..gO#
#.#..###..)w#
#..........g######
######..........g.....##
.......................#
.######...............g?#
..................g....g..
..8.8.8..............g...$


You could see an ogre, a worm, Robin, a hobgoblin and 4 goblins.

Vanquished Creatures
  A hornet (D:4)
  A water moccasin skeleton (D:4)
  A hound (D:4)
  2 orc priests (D:3)
  A centaur skeleton (D:4)
  Natasha (D:3)
  2 worker ants
  A howler monkey skeleton (D:4)
  6 adders
  3 worms
  2 dart slugs
  3 leopard geckos
  9 orcs
  6 giant cockroaches
  19 goblins
  18 hobgoblins
  14 jackals
  6 kobolds
  2 ball pythons
  11 bats
  5 frilled lizards
  6 rats
120 creatures vanquished.

Notes
Turn   | Place    | Note
-------+----------+-------------------------------------------
     0 | D:1      | tilp the Demonspawn Chaos Knight began the quest for the
                  | Orb.
     0 | D:1      | Reached XP level 1. HP: 18/18 MP: 1/1
    84 | D:1      | Reached skill level 3 in Maces & Flails
    99 | D:1      | XOM: potion effect (agility)
   141 | D:1      | Gained mutation: You are partially covered in sharp spines.
                  | [demonic ancestry]
   141 | D:1      | Reached XP level 2. HP: 19/24 MP: 2/2
   298 | D:1      | XOM: divination: magic mapping
   380 | D:1      | Reached XP level 3. HP: 17/29 MP: 3/3
   775 | D:2      | Reached skill level 4 in Maces & Flails
   886 | D:2      | XOM: divination: magic mapping
   891 | D:2      | HP: 1/29 [poisoned by an adder]
  1203 | D:2      | XOM: potion effect (might)
  1210 | D:2      | Gained mutation: You have sharp fingernails. [demonic
                  | ancestry]
  1210 | D:2      | Reached XP level 4. HP: 34/35 MP: 4/4
  1210 | D:2      | XOM: enchant monster (good)
  1513 | D:2      | XOM: god gift: vibrating platinum amulet {god gift}
  1514 | D:2      | Got a vibrating platinum amulet {god gift}
  1515 | D:2      | Identified the amulet of the Good {Faith *Corrode +Inv
                  | rElec rF+ MP+9 Stlth+} (Xom gifted it to you on level 2 of
                  | the Dungeon)
  1537 | D:2      | XOM: give mutation
  1537 | D:2      | Gained mutation: You evolve. [Xom's grace]
  1729 | D:2      | XOM: scenery: create altars
  1903 | D:2      | XOM: god gift: runed long sword {god gift}
  1942 | D:2      | Lost mutation: You evolve. [end of evolution]
  1968 | D:2      | XOM: god gift: 3 rations
  2119 | D:3      | XOM: god gift: broad axe {god gift}
  2181 | D:3      | XOM: 4-stop teleportation journey
  2216 | D:3      | Reached skill level 5 in Maces & Flails
  2368 | D:3      | XOM: polymorph kobold -> jackal
  2387 | D:3      | Reached XP level 5. HP: 37/41 MP: 5/5
  2401 | D:3      | XOM: swap monsters
  2486 | D:3      | Found a faded altar of an unknown god.
  2520 | D:3      | Noticed Natasha
  2528 | D:3      | Noticed Natasha
  2528 | D:3      | Natasha changed into Natasha the worker ant
  2528 | D:3      | XOM: polymorph Natasha -> Natasha the worker ant
  2529 | D:3      | XOM: swap monsters
  2533 | D:3      | XOM: divination: detect creatures
  2539 | D:3      | Killed Natasha the worker ant
  2703 | D:3      | Reached skill level 6 in Maces & Flails
  2710 | D:3      | Noticed Natasha
  2719 | D:3      | Killed Natasha
  2719 | D:3      | Reached XP level 6. HP: 17/47 MP: 6/6
  2937 | D:4      | Found a hide-covered altar of Uskayaw.
  2937 | D:4      | XOM: 1-stop teleportation journey
  3014 | D:4      | Noticed a hornet
  3031 | D:4      | Killed a hornet
  3031 | D:4      | Reached skill level 7 in Maces & Flails
  3031 | D:4      | Gained mutation: Your flesh is cold resistant. (rC+)
                  | [demonic ancestry]
  3031 | D:4      | Reached XP level 7. HP: 45/52 MP: 7/7
  3053 | D:4      | Noticed Robin
  3064 | D:4      | Slain by an ogre

Levels and vault maps discovered:
D:1:      scummos_arrival_hexagon, layout_loops_cross, minmay_pentomino_t4
D:2:      layout_basic
D:3:      layout_basic, chequers_ecumenical_altar_simple_redux, uniq_natasha
D:4:      layout_rooms, eat_drink_and_be_merry_uskayaw, uniq_robin

Skill      XL: |  1  2  3  4  5  6 |
---------------+-------------------+-----
Maces & Flails | 3 4 5 6 7 |  7.8
Fighting       | |  3.0
Armour         | |  1.7
Dodging        | |  0.8

Action                   |  1- 3 |  4- 6 |  7- 9 || total
-------------------------+-------+-------+-------++-------
Melee: Mace              |   107 |   153 |    13 ||   273
Throw: Stone             |     2 |       |       ||     2
       Tomahawk          |       |     3 |       ||     3
Evoke: Wand              |       |     5 |     2 ||     7
  Use: Scroll            |       |     2 |       ||     2
 Stab: Paralysed         |     2 |     2 |       ||     4
       Sleeping          |       |     1 |       ||     1
       Confused          |       |     2 |       ||     2
       Petrified         |       |     1 |       ||     1
  Eat: Chunk             |    17 |     1 |       ||    18
Armor: Leather armour    |    23 |       |       ||    23
       Chain mail        |    31 |   103 |     7 ||   141
Dodge: Dodged            |    45 |    52 |     4 ||   101

Table legend:
 A = Non-vault XP
 B = Vault XP
 C = Vault XP percentage of total XP
 D = Non-vault monster count
 E = Vault monster count
 F = Vault count percentage of total count
                 A         B        C        D         E       F
            +---------+---------+-------+---------+---------+-------
      Total |     874 |      47 |   5.1 |     111 |       9 |   7.5
            +---------+---------+-------+---------+---------+-------
        D:1 |      46 |       5 |   9.8 |      26 |       3 |  10.3
        D:2 |      91 |       0 |   0.0 |      32 |       0 |   0.0
        D:3 |     230 |      32 |  12.2 |      42 |       1 |   2.3
        D:4 |     507 |      10 |   1.9 |      11 |       5 |  31.2
            +---------+---------+-------+---------+---------+-------
